 Dungeon Crawl Stone Soup version 0.30.1-1-g62c8e00024 (webtiles) character file.

Game seed: 9834187345468009569

27 Pepete the Magician (level 2, 0/19 HPs)
             Began as a Demonspawn Fire Elementalist on July 15, 2023.
             Slain by a jackal (2 damage)
             ... on level 1 of the Dungeon.
             The game lasted 00:04:08 (1105 turns).

Pepete the Magician (Demonspawn Fire Elementalist)  Turns: 1105, Time: 00:04:08

Health: 0/19       AC:  3    Str:  8    XL:     2   Next: 93%
Magic:  1/6        EV: 17    Int: 16    God:
Gold:   22         SH:  0    Dex: 13    Spells: 4/7 levels left

rFire   . . .        (no weapon)
rCold   . . .        (no shield)
rNeg    . . .        a - +0 robe
rPois   .            (no helmet)
rElec   .            (no cloak)
rCorr   .            (no gloves)
SInv    .            (no boots)
Will    .....        (no amulet)
Stlth   ++           f - +5 ring of evasion
HPRegen 0.23/turn    (no ring)
MPRegen 0.10/turn

%: no passive effects
@: weak-willed, very slightly contaminated
A: rugged brown scales 1
a: no special abilities


You were on level 1 of the Dungeon.
You visited 1 branch of the dungeon, and saw 1 of its levels.

You collected 22 gold pieces.

Inventory:

Armour
 a - a +0 robe (worn)
Jewellery
 f - a +5 ring of evasion (left hand)
Scrolls
 c - a scroll of magic mapping


   Skills:
 - Level 1.7 Dodging
 - Level 1.7 Stealth
 * Level 3.3 Spellcasting
 - Level 1.0 Conjurations
 - Level 2.6 Fire Magic


You had 4 spell levels left.
You knew the following spells:

 Your Spells              Type           Power      Damage    Failure   Level
a - Foxfire               Conj/Fire      32%        2x1d5     9%          1
b - Scorch                Fire           22%        2d5       9%          2

Your spell library contained the following spells:

 Spells                   Type           Power      Damage    Failure   Level
 Inner Flame              Hex/Fire       6%         N/A       30%         3
 Volatile Blastmotes      Fire/Tloc      12%        2d11      30%         3
 Flame Wave               Conj/Fire      8%         2d5       63%         4


Dungeon Overview and Level Annotations

Branches:
Dungeon (1/15)

Altars:


Innate Abilities, Weirdness & Mutations

You are partially covered in rugged brown scales. (AC +1, +3% HP)


Message History

The jackal misses you.
You miss the jackal.
The jackal is severely wounded.
The jackal closely misses you. The jackal barely misses you.
You hit the jackal but do no damage.
The jackal is severely wounded.
The jackal bites you but does no damage. x2
You hit the jackal.
The jackal is almost dead.
The jackal barely misses you. The jackal bites you.
* * * LOW HITPOINT WARNING * * *
The jackal closely misses you.
The jackal bites you but does no damage.
You hit the jackal but do no damage.
The jackal is almost dead.
The jackal misses you. The jackal closely misses you.
You hit the jackal but do no damage.
The jackal is almost dead.
The jackal completely misses you. The jackal misses you. The jackal bites you.
* * * LOW HITPOINT WARNING * * *
The jackal misses you.
You barely miss the jackal.
The jackal is almost dead.
The jackal barely misses you.
The jackal bites you but does no damage.
Casting: Foxfire (safe; 9% risk of failure)
Confirm with . or Enter, or press ? or * to list all spells.
You miscast Scorch.
You are very lightly contaminated with residual magic.
Nothing appears to happen.
The jackal bites you.
* * * LOW HITPOINT WARNING * * *
The jackal misses you.
Casting: Scorch (safe; 9% risk of failure)
Confirm with . or Enter, or press ? or * to list all spells.
You don't have enough magic to cast this spell.
Unknown command.
You closely miss the jackal.
The jackal is almost dead.
The jackal completely misses you. The jackal bites you.
You die...

############ ***** * #........h@#
*,,,, **#####.##...###h# *,,*,
,,.....,#......#g# *#####*****,*,
,,......#.....##.#*#.....,,,,,,,,
,,......#K....##.#*....$.*****,**
,,....g.......##.#*......* *,*
**+#.####.######)##......* *,*
**,#.K.....#g......#,***** *,*
*,######..#h###.#.#,* *,*


You could see 2 jackals and a hobgoblin (weak-willed).

Vanquished Creatures
  A dart slug (D:1)
  2 endoplasms (D:1)
  2 giant cockroaches (D:1)
  2 goblins (D:1)
  A hobgoblin (D:1)
  4 jackals (D:1)
  3 quokkas (D:1)
  3 ball pythons (D:1)
  A bat (D:1)
  A frilled lizard (D:1)
  A kobold (D:1)
  A rat (D:1)
22 creatures vanquished.

Vanquished Creatures (others)
  53 foxfires (D:1)
53 creatures vanquished.

Grand Total: 75 creatures vanquished

Notes
Turn   | Place    | Note
-------+----------+-------------------------------------------
     0 | D:1      | Pepete the Demonspawn Fire Elementalist began the quest for
                  | the Orb.
     0 | D:1      | Reached XP level 1. HP: 13/13 MP: 3/3
     4 | D:1      | Noticed an electric eel
     5 | D:1      | Noticed an electric eel
    35 | D:1      | Found a faded altar of an unknown god.
   767 | D:1      | Gained mutation: You are partially covered in rugged brown
                  | scales. (AC +1, +3% HP) [demonic ancestry]
   767 | D:1      | Reached XP level 2. HP: 13/19 MP: 0/5
   943 | D:1      | Learned a level 2 spell: Scorch
   947 | D:1      | Reached skill level 3 in Spellcasting
  1105 | D:1      | Slain by a jackal

Illustrated notes

Levels and vault maps discovered:
D:1:      arrival_aquarium_b, layout_basic, basic_ecumenical_altar,
          chequers_serial_rivers_micro_c

Skill      XL: |  1  2 |
---------------+-------+-----
Spellcasting   | 3 |  3.3
Dodging        | |  1.7
Stealth        | |  1.7
Conjurations   | |  1.0
Fire Magic     | |  2.6

Action                     || total
---------------------------++-------
  Melee: Unarmed           ||    72
         Punch             ||     2
   Cast: Foxfire           ||    39
         Scorch            ||     4
    Use: Scroll            ||     3
         Potion            ||     2
 Armour: Robe              ||    23
  Dodge: Dodged            ||   192
